 Dungeon Crawl Stone Soup version 0.20-a0-19-gd4fea00 (webtiles) character file.

99 mrath the Conjurer (level 4, 0/27 HPs)
             Began as an Octopode Conjurer on Nov 6, 2016.
             Slain by Crazy Yiuf
             ... wielding a +2 quarterstaff of chaos
              (11 damage)
             ... on level 2 of the Dungeon.
             The game lasted 00:11:37 (2644 turns).

mrath the Conjurer (Octopode Conjurer)              Turns: 2644, Time: 00:11:39

Health: 0/27       AC:  1    Str:  7    XL:     4   Next: 72%
Magic:  1/9        EV: 13    Int: 18    God:
Gold:   105        SH:  0    Dex: 12    Spells: 2 memorised, 7 levels left

rFire  . . .     SeeInvis .     j - +0 short sword
rCold  . . .     Gourm    .     (no shield)
rNeg   . . .     Faith    .     (helmet restricted)
rPois  .         Spirit   .     (no amulet)
rElec  .         Reflect  .     (no ring)
rCorr  .         Harm     .     (no ring)
MR     .....                    (no ring)
Stlth  +++.......               (no ring)
                                (no ring)
                                (no ring)
                                (no ring)
                                (no ring)

@: drained
A: almost no armour, stealthy swim, amphibious, 8 rings, constrict 8, camouflage
1, gelatinous body 1
a: no special abilities


You were on level 2 of the Dungeon.
You were not hungry.

You visited 1 branch of the dungeon, and saw 2 of its levels.

You collected 105 gold pieces.

Inventory:

Hand Weapons
 f - a +0 whip
 j - a +0 short sword (weapon)
Missiles
 e - 74 stones (quivered)
Jewellery
 m - an uncursed ring of see invisible {unknown}
 q - an uncursed amulet of magic regeneration {unknown}
 r - a +4 ring of evasion {unknown}
Scrolls
 d - 2 scrolls of identify {unknown}
 g - 3 scrolls of remove curse {unknown}
 k - a scroll of noise {unknown}
 o - 4 scrolls of recharging {unknown}
 p - a scroll of teleportation {unknown}
 w - a scroll of enchant armour {unknown}
Potions
 c - 2 potions of cancellation {unknown}
 h - a potion of invisibility {unknown}
 l - a potion of lignification {unknown}
 n - 2 potions of heal wounds
 s - 3 potions of ambrosia {unknown}
 t - a potion of degeneration {unknown}
 u - a potion of brilliance {unknown}
 v - a potion of haste {unknown}
Books
 a - a book of Conjurations

   Spells                             Type                      Level
   a - Magic Dart                     Conjuration                  1
   b - Searing Ray                    Conjuration                  2
   c - Dazzling Spray                 Conjuration/Hexes            3
   d - Fulminant Prism                Conjuration/Hexes            4
   e - Iskenderun's Mystic Blast      Conjuration                  4
   f - Iskenderun's Battlesphere      Conjuration/Charms           5
Comestibles
 b - a bread ration


   Skills:
 - Level 2.0(1.7) Dodging
 - Level 2.6(2.4) Stealth
 * Level 3.6(3.3) Spellcasting
 + Level 4.8(4.5) Conjurations


You had 7 spell levels left.
You knew the following spells:

 Your Spells              Type           Power        Failure   Level  Hunger
a - Magic Dart            Conj           ###.         2%          1    None
b - Searing Ray           Conj           ###...       4%          2    ##.....


Dungeon Overview and Level Annotations

Branches:
Dungeon (2/15)

Altars:

Annotations:
D:2 Crazy Yiuf


Innate Abilities, Weirdness & Mutations

You cannot wear most types of armour.
You are very stealthy in the water. (Stealth+)
You are amphibious.
You can wear up to eight rings at the same time.
You can use your tentacles to constrict eight enemies at once.
Your skin changes colour to match your surroundings (Stealth+).
Your rubbery body absorbs attacks. (AC +1, EV +1)


Message History

Crazy Yiuf misses you.
You hit Crazy Yiuf. You grab Crazy Yiuf.
Crazy Yiuf is moderately wounded.
You constrict Crazy Yiuf.
Crazy Yiuf hits you with a quarterstaff of chaos.
You feel drained.
You hit Crazy Yiuf.
Crazy Yiuf is moderately wounded.
You constrict Crazy Yiuf. Crazy Yiuf closely misses you.
You hit Crazy Yiuf.
Crazy Yiuf is severely wounded.
You constrict Crazy Yiuf, but do no damage.
Crazy Yiuf closely misses you.
You hit Crazy Yiuf but do no damage.
You squeeze Crazy Yiuf, but do no damage.
Crazy Yiuf is severely wounded.
You constrict Crazy Yiuf.
Crazy Yiuf says, "Candle toodlewoodle seventy!"
Crazy Yiuf hits you with a quarterstaff of chaos!
You die...

#.# #.# #########.#
##### #......##.##
#..)# #.####......
####### #...# #)#
####.## #.....# ...
#.# #.# ##.###.#
#g# #.##### #.#
##.# #.# ♣♣@♣
##....# #.# .#.#
#.# ♣.♣♣ #.###.#
#.## .#.###.# ♣♣.♣
#.# #.# #...
....##.# ♣.♣♣
#####.# ####
.....#.##### ♣♣.♣♣
#...#.#####
...........# ♣...♣♣
###.#.....#
####>.###### ♣....♣
#.#####.# #..#
#....# #.# #.#
#..########....####
#.# #<#


You could see Crazy Yiuf.

Vanquished Creatures
  Ijyb (D:2)
  3 adders (D:2)
  3 worms (D:2)
  3 dart slugs
  A leopard gecko (D:1)
  A ball python (D:1)
  2 bats (D:1)
  A giant cockroach (D:2)
  4 goblins
  6 hobgoblins (D:1)
  4 kobolds
  4 frilled lizards
33 creatures vanquished.

Notes
Turn   | Place    | Note
-------+----------+-------------------------------------------
     0 | D:1      | mrath the Octopode Conjurer began the quest for the Orb.
     0 | D:1      | Reached XP level 1. HP: 11/11 MP: 3/3
   160 | D:1      | Reached XP level 2. HP: 13/17 MP: 0/5
   627 | D:1      | Learned a level 2 spell: Searing Ray
  1062 | D:1      | Reached XP level 3. HP: 21/21 MP: 0/6
  1990 | D:2      | Reached XP level 4. HP: 27/27 MP: 0/8
  2204 | D:2      | Found a runed door.
  2249 | D:2      | Noticed Ijyb
  2263 | D:2      | Killed Ijyb
  2634 | D:2      | Noticed Crazy Yiuf
  2644 | D:2      | Slain by Crazy Yiuf

Vault maps used:
D:1:      dpeg_chamrin_arrival_tetris
D:2:      uniq_crazy_yiuf_cottage, uniq_iyjb

Skill      XL: |  1  2  3 |
---------------+----------+-----
Spellcasting   | 3 |  3.6
Dodging        | |  2.0
Stealth        | |  2.6
Conjurations   | |  4.8

Action                   |  1- 3 |  4- 6 || total
-------------------------+-------+-------++-------
Melee: Short sword       |     9 |    10 ||    19
       Constrict         |     2 |     2 ||     4
       Tentacles         |     1 |     1 ||     2
 Cast: Magic Dart        |    63 |    11 ||    74
       Searing Ray       |     2 |     4 ||     6
  Eat: Chunk             |     3 |     1 ||     4
       Bread ration      |       |     1 ||     1
Armor: Skin              |     3 |       ||     3
Dodge: Dodged            |    11 |     8 ||    19
